[Event "Team 45 45 League T62"]
[Site "Internet Chess Club"]
[Date "2014.09.21"]
[Round "4"]
[White "chops1975"]
[Black "tamtu"]
[Result "0-1"]
[WhiteElo "1734"]
[BlackElo "2063"]
[Opening "Queen's pawn, Mason variation, Steinitz counter-gambit"]
[ECO "D00"]
[Time "07:08:55"]
[TimeControl "2700+45"]

1. d4 d5 2. Bf4 c5 3. c3 Qb6 4. Qb3 Nc6 5. e3 Nf6 6. Nd2 Bf5 7. Ngf3 c4 8. Qxb6
axb6 9. Be2 e6 10. O-O Be7 11. Ne5 Nxe5 12. Bxe5 O-O 13. Nf3 b5 14. a3 Nd7 15.
Bg3 Nb6 16. Nh4 Be4 17. Nf3 Na4 18. Nd2 Bf5 19. Ra2 Rfc8 20. Bd1 Bd3 21. Re1 Nb6
22. Be2 Bxe2 23. Rxe2 b4 24. cxb4 Bxb4 25. Nf3 Be7 26. Rc2 Na4 27. Ra1 b5 28.
Rac1 Nxb2 29. Rb1 Bxa3 30. Ne5 b4 31. Nd7 b3 32. Rcxb2 Bxb2 33. Nb6 Ra1 34. Rxa1
Bxa1 {White resigns} 0-1

[Event "Team 45 45 League T62"]
[Site "Internet Chess Club"]
[Date "2014.09.20"]
[Round "4"]
[White "achessman"]
[Black "pokerram"]
[Result "1-0"]
[WhiteElo "1966"]
[BlackElo "1671"]
[Opening "Sicilian: Alapin's variation (2.c3)"]
[ECO "B22"]
[Time "06:28:36"]
[TimeControl "2700+45"]

1. e4 c5 2. c3 Nf6 3. e5 Nd5 4. d4 cxd4 5. Nf3 e6 6. cxd4 d6 7. Bd3 Nb4 8. Bb5+
Bd7 9. Be2 Nd5 10. O-O Be7 11. Nc3 Nxc3 12. bxc3 Nc6 13. Bd3 Qc7 14. Qe2 O-O 15.
Qe4 g6 16. Bh6 f5 17. exf6 Rxf6 18. h4 d5 19. Qe3 Bf8 20. Bg5 Rf7 21. h5 e5 22.
hxg6 hxg6 23. Nxe5 Nxe5 24. Qxe5 Qxe5 25. dxe5 Be6 26. f4 Bd6 27. exd6 Bf5 28.
Bxf5 gxf5 29. Rfd1 Rd7 30. Rxd5 Rf8 31. Re1 Rc8 32. Re7 {Black resigns} 1-0

[Event "Team 45 45 League T62"]
[Site "Internet Chess Club"]
[Date "2014.09.20"]
[Round "4"]
[White "Schachteufel"]
[Black "ghostfire"]
[Result "0-1"]
[WhiteElo "1574"]
[BlackElo "1742"]
[Opening "Ruy Lopez: closed, center attack"]
[ECO "C84"]
[Time "13:00:13"]
[TimeControl "2700+45"]

1. e4 e5 2. Nf3 Nc6 3. Bb5 a6 4. Ba4 Nf6 5. O-O Be7 6. d4 b5 7. Bb3 d6 8. c3 O-O
9. h3 Na5 10. Bc2 Nd7 11. d5 Nc4 12. b3 Ncb6 13. Nbd2 Nf6 14. Re1 Nbd7 15. Nf1
Bb7 16. Ng3 Re8 17. Nf5 Bf8 18. Nh2 Bc8 19. Ng4 Nxg4 20. Qxg4 Kh8 21. Bg5 Nf6
22. Qh4 Bxf5 23. exf5 h6 24. Rad1 Be7 25. Bxh6 Nh7 26. Bxg7+ Kxg7 27. Qg4+ Kh8
28. Qh5 Bf6 29. Qxf7 Rg8 30. g4 Qe7 31. Qxe7 Bxe7 32. f4 Bh4 33. Rf1 exf4 34.
Rxf4 Ng5 35. Kh2 Rae8 36. Rd2 Re3 37. f6 Bg3+ 38. Kg2 Bxf4 39. h4 Rg3+ 40. Kf2
Nh3+ 41. Ke2 Rg2+ 42. Kf3 Rxd2 43. f7 Rf8 44. Bg6 Kg7 45. h5 Rxf7 46. Bxf7 Kxf7
{White resigns} 0-1

[Event "Team 45 45 League T62"]
[Site "Internet Chess Club"]
[Date "2014.09.21"]
[Round "4"]
[White "Constrictor"]
[Black "Salvatore"]
[Result "1/2-1/2"]
[WhiteElo "1683"]
[BlackElo "1653"]
[Opening "Sicilian: Hungarian variation"]
[ECO "B27"]
[Time "16:04:21"]
[TimeControl "2700+45"]

1. Nf3 c5 2. e4 g6 3. d4 Bg7 4. c4 cxd4 5. Nxd4 e6 6. Nc3 Ne7 7. Bf4 O-O 8. Ndb5
Na6 9. Be2 d5 10. cxd5 exd5 11. exd5 Nf5 12. O-O Bd7 {Game drawn by mutual
agreement} 1/2-1/2

[Event "Team 45 45 League T62"]
[Site "Internet Chess Club"]
[Date "2014.09.28"]
[Round "4"]
[White "unclevinny"]
[Black "GregoryViking"]
[Result "1-0"]
[WhiteElo "1573"]
[BlackElo "1541"]
[Opening "Ruy Lopez: Schliemann defense, Berger variation"]
[ECO "C63"]
[Time "18:26:13"]
[TimeControl "2700+45"]

1. e4 e5 2. Nf3 Nc6 3. Bb5 f5 4. Nc3 Nf6 5. d3 Bc5 6. O-O O-O 7. Bc4+ Kh8 8. Be3
Bxe3 9. fxe3 fxe4 10. dxe4 d6 11. Qd2 Bg4 12. a3 Na5 13. Be2 Rf7 14. b4 Nc6 15.
Bc4 Re7 16. Qd3 Qd7 17. Ne2 Rf8 18. Ng3 a6 19. Nd2 Qd8 20. Rf2 Nh5 21. Rxf8+
Qxf8 22. Rf1 Qe8 23. Nf5 Bxf5 24. Rxf5 Nf6 25. Qf1 Nd8 26. Qf3 Ne6 27. Nf1 b5
28. Bb3 c5 29. Bd5 Nxd5 30. exd5 e4 31. Qf2 Kg8 32. dxe6 Rxe6 33. bxc5 dxc5 34.
Rxc5 Rc6 35. Rxc6 Qxc6 36. Qd2 Qc5 37. Qc1 g6 38. Ng3 Qd5 39. Kf2 Kf7 40. Ke1
Ke6 41. Qd2 Qa2 42. Qc3 Kd5 43. Qd4+ Kc6 44. Qxe4+ Qd5 45. Qxd5+ Kxd5 46. Kd2 a5
47. Kd3 h6 48. Ne2 g5 49. Nc3+ Kc5 50. e4 b4 51. axb4+ {Black resigns} 1-0

[Event "Team 45 45 League T62"]
[Site "Internet Chess Club"]
[Date "2014.09.21"]
[Round "4"]
[White "BotanicalKnight"]
[Black "g8wrb"]
[Result "1-0"]
[WhiteElo "1497"]
[BlackElo "1292"]
[Opening "French: Labourdonnais variation"]
[ECO "C00"]
[Time "12:02:08"]
[TimeControl "2700+45"]

1. e4 e6 2. f4 d5 3. e5 c5 4. Nc3 a6 5. d3 Nc6 6. g3 Nge7 7. Bg2 Bd7 8. Nf3 Qb6
9. O-O Nf5 10. Kh1 Be7 11. a3 Ncd4 12. Ne2 Rc8 13. c3 Nb3 14. Rb1 d4 15. c4 Nxc1
16. Qxc1 Ne3 17. Rf2 Ba4 18. b3 Bc6 19. Ne1 O-O 20. h3 f6 21. exf6 Rxf6 22. g4
Bd6 23. g5 Rf5 24. Be4 Rcf8 25. Kg1 R5f7 26. Ng2 Nf5 27. b4 cxb4 28. axb4 Bxb4
29. Bxf5 Rxf5 30. Nxd4 Qxd4 31. Rxb4 Qxd3 32. Nh4 Rxg5+ 33. fxg5 Qg3+ 34. Rg2
Qxh4 35. Qe3 Re8 36. Rg4 Qh5 37. c5 Qg6 38. h4 Qc2 39. Qf2 Qd1+ 40. Kh2 Rf8 41.
Rgf4 Qh1+ 42. Kg3 Rxf4 43. Rxf4 Qg2+ 44. Qxg2 Bxg2 45. Kxg2 g6 46. Rf6 e5 47.
Kf3 a5 48. Ke4 a4 {Black resigns} 1-0

[Event "Team 45 45 League T62"]
[Site "Internet Chess Club"]
[Date "2014.09.18"]
[Round "4"]
[White "SeniorCitizen"]
[Black "Just-Jim"]
[Result "1-0"]
[WhiteElo "1363"]
[BlackElo "1266"]
[Opening "King's pawn game"]
[ECO "C21"]
[Time "16:30:27"]
[TimeControl "2700+45"]

1. e4 e5 2. d4 f6 3. dxe5 fxe5 4. Qh5+ g6 5. Qxe5+ Qe7 6. Qxh8 Nf6 7. Bg5 Qb4+
8. Nd2 Nxe4 9. Qxh7 Nxg5 10. Qxg6+ Nf7 11. Qe4+ Qxe4+ 12. Nxe4 Bb4+ 13. c3 Be7
14. Nf3 d5 15. Ng3 Bg4 16. Be2 c6 17. h3 Be6 18. Nd4 Bd7 19. Bh5 Kf8 20. Bxf7
Kxf7 21. O-O Na6 22. Rfe1 Rg8 23. Ndf5 Bg5 24. h4 Kg6 25. hxg5 Bxf5 26. Nxf5
Kxf5 27. Re7 Nc5 28. b4 Ne4 29. Rxb7 Nxc3 30. Rc1 Ne2+ 31. Kf1 Nxc1 32. Rxa7 Nd3
33. a3 Rxg5 34. Ra5 Kf6 35. b5 cxb5 36. Rxb5 Re5 37. g3 Re1+ 38. Kg2 Ke6 39. Rb3
Nc5 40. Re3+ Rxe3 41. fxe3 Ke5 42. Kf3 Ne6 43. a4 d4 44. a5 d3 45. a6 Nc7 46. a7
d2 47. Ke2 d1=Q+ 48. Kxd1 Kf5 49. Ke2 Ke5 50. Kf3 Kf6 51. e4 Kg6 52. g4 Kg5 53.
e5 Na8 54. Kg3 Nc7 55. Kf3 Na8 56. Ke4 Kxg4 57. e6 Kg5 58. e7 Nc7 59. e8=Q Nxe8
60. a8=Q Nd6+ 61. Kf3 Nf5 62. Qg8+ Kf6 63. Ke2 Nd4+ 64. Kf1 Nf5 65. Kf2 Ke5 66.
Qg5 Ke6 67. Kf3 Nd4+ 68. Ke4 Nc6 69. Qd5+ {Black resigns} 1-0

[Event "Team 45 45 League T62"]
[Site "Internet Chess Club"]
[Date "2014.09.22"]
[Round "4"]
[White "kingsrook"]
[Black "pmxpp"]
[Result "0-1"]
[WhiteElo "1324"]
[BlackElo "1334"]
[Opening "QGD semi-Slav: 5...Nd7"]
[ECO "D45"]
[Time "15:03:54"]
[TimeControl "2700+45"]

1. d4 d5 2. c4 c6 3. Nc3 Nf6 4. e3 e6 5. Nf3 Nbd7 6. b3 Bd6 7. Be2 O-O 8. O-O
dxc4 9. bxc4 Qc7 10. h3 Rd8 11. Bd3 a6 12. Rb1 e5 13. c5 Be7 14. Re1 exd4 15.
exd4 Nf8 16. Bb2 h6 17. Qc2 Ne6 18. Ne4 Nd5 19. Ng3 Nb4 20. Bh7+ Kf8 21. Qb3 Nd5
22. Be4 Nf6 23. Bd3 Rb8 24. Nf5 Ng8 25. Bc4 Nf6 26. Nxe7 Kxe7 27. Rbd1 Nd5 28.
Ne5 Kf8 29. Qg3 Qe7 30. Bxd5 Rxd5 31. Qe3 Qg5 32. Qf3 Kg8 33. Qxf7+ Kh7 34. Re4
Qf6 35. Qh5 Qg5 36. Qf3 Qf6 37. Qe3 Qg5 38. Qf3 Qf6 39. Qd3 Kg8 40. Bc1 Nxc5 41.
Ng4 Nxd3 42. Nxf6+ gxf6 43. Rxd3 Bf5 44. Rg3+ Kf7 45. Rf4 Bh7 46. Rh4 h5 47. Rf3
Rbd8 48. Rff4 Bg6 49. Be3 b5 50. g4 a5 51. gxh5 Rxh5 52. Kh2 Rxh4 53. Rxh4 b4
54. Rg4 Bh5 55. Rg1 Rg8 56. Rc1 Bf3 57. Rc5 Rg2+ 58. Kh1 Rxf2+ 59. Kg1 Rxa2 60.
h4 Bd5 61. h5 b3 62. Bc1 b2 63. Bxb2 Rxb2 64. Rxd5 cxd5 65. h6 Kg8 {White
resigns} 0-1

[Event "Team 45 45 League T62"]
[Site "Internet Chess Club"]
[Date "2014.09.19"]
[Round "4"]
[White "gz99754539"]
[Black "rkaebi"]
[Result "0-1"]
[WhiteElo "1493"]
[BlackElo "1457"]
[Opening "Caro-Kann: advance variation"]
[ECO "B12"]
[Time "23:30:40"]
[TimeControl "2700+45"]

1. e4 c6 2. d4 d5 3. e5 e6 4. Nf3 c5 5. c3 cxd4 6. cxd4 Ne7 7. Nc3 Nf5 8. Bd3
Nc6 9. O-O Nfxd4 10. Be3 Nxf3+ 11. Qxf3 d4 12. Bxd4 Nxd4 13. Qe4 Nc6 14. Rad1
Qd4 15. Qxd4 Nxd4 16. Nb5 Nxb5 17. Bxb5+ Ke7 18. Rd6 a6 19. Ba4 b5 20. Bb3 Ke8
21. Rd3 Ra7 22. Rfd1 Rd7 23. Rxd7 Bxd7 24. Rd4 Bc5 25. Rg4 g6 26. h3 Ke7 27. Rf4
Rd8 28. Rf3 Bd4 29. Bc2 Bxe5 30. b3 Bc6 31. Re3 f6 32. g4 Rd2 33. Be4 Bxe4 34.
Rxe4 Rxa2 35. g5 a5 36. b4 a4 37. Kg2 Ra3 38. f4 Bd6 39. gxf6+ Kxf6 40. Rd4 Ke7
41. h4 Rb3 42. Kf2 a3 43. Rd2 Bxb4 44. Ke2 Bxd2 45. Kxd2 Rb2+ 46. Kc3 b4+ 47.
Kc4 a2 48. Kc5 a1=Q 49. Kc6 Rd2 50. Kc5 b3 51. Kb4 b2 52. Kc3 Qc1+ 53. Kb3 b1=Q+
54. Ka4 Ra2# {White checkmated} 0-1

[Event "Team 45 45 League T62"]
[Site "Internet Chess Club"]
[Date "2014.09.20"]
[Round "4"]
[White "pcvan"]
[Black "Timlisa9"]
[Result "0-1"]
[WhiteElo "1519"]
[BlackElo "1442"]
[Opening "Scotch game"]
[ECO "C45"]
[Time "17:00:14"]
[TimeControl "2700+45"]

1. e4 e5 2. Nf3 Nc6 3. d4 exd4 4. Nxd4 Nxd4 5. Qxd4 d6 6. Nc3 Be6 7. Be3 Nf6 8.
Bc4 Bxc4 9. Qxc4 a6 10. Bg5 Be7 11. O-O-O O-O 12. e5 Ne8 13. Bxe7 Qxe7 14. exd6
Nxd6 15. Qf4 Rfd8 16. Nd5 Qd7 17. Qg5 Kh8 18. Rhe1 Re8 19. Ne3 f6 20. Qd5 Rad8
21. Rd2 Re5 22. Qd3 Rb5 23. Nc4 Kg8 24. Red1 Qe6 25. Qg3 Qxc4 26. Qe3 Qxa2 27.
Rxd6 Qxb2+ 28. Kd2 Rxd6+ 29. Ke2 Qxc2+ 30. Kf3 Qxd1+ 31. Kf4 Rb4+ 32. Kf5 Qh5+
{White resigns} 0-1

[Event "Team 45 45 League T62"]
[Site "Internet Chess Club"]
[Date "2014.09.21"]
[Round "4"]
[White "browndeer"]
[Black "guyd52"]
[Result "1-0"]
[WhiteElo "1539"]
[BlackElo "1316"]
[Opening "Pirc: classical system, 5.Be2"]
[ECO "B06"]
[Time "15:30:42"]
[TimeControl "2700+45"]

1. e4 g6 2. d4 Bg7 3. Nf3 d6 4. Be2 Nf6 5. Nc3 O-O 6. O-O Nbd7 7. Be3 e5 8. dxe5
Nxe5 9. Nxe5 dxe5 10. Qd3 Qe7 11. Bf3 Bd7 12. Rfe1 b6 13. Qe2 Bc6 14. Qc4 Bb7
15. Rad1 Rfd8 16. a3 a5 17. h3 h6 18. Rd2 Rxd2 19. Bxd2 Rd8 20. Qe2 Bc6 21. Rd1
Kh7 22. Be3 Nd7 23. Kh2 Qe6 24. Bg4 f5 25. Bf3 Qf6 26. exf5 gxf5 27. Bxc6 Qxc6
28. Qh5 f4 29. Qf5+ Kg8 30. Nd5 Qd6 31. Nc3 Qe7 32. Bc1 Qf7 33. Qxf7+ Kxf7 34.
Nb5 c6 35. Nd6+ Ke6 36. Ne4 Bf8 37. Re1 Nf6 38. Nc3 Bc5 39. Bxf4 Kf5 40. Bxh6
Kg6 41. Be3 Bd6 42. Kg1 b5 43. Bb6 Ra8 44. Rd1 Be7 45. Bc7 Kf5 46. Bd6 Bf8 47.
Bxf8 Rxf8 48. g4+ Ke6 49. Kg2 Rg8 50. f3 Rg7 51. h4 Rh7 52. Kg3 Rg7 53. Kh3 Rh7
54. h5 Rg7 55. Kh4 Nh7 56. Ne4 Rg8 57. Rd6+ Ke7 58. Rxc6 Kf7 59. Rc7+ Ke6 60.
Rxh7 Kd5 61. Nf6+ Kd4 62. Nxg8 Ke3 63. Re7 Kf4 64. h6 Kxf3 65. Rxe5 Kf4 66. Rxb5
Kf3 67. h7 Kf4 68. h8=Q Kf3 69. Qc3+ Kg2 70. Qg3+ Kh1 71. Kh3 a4 72. Qh2# {Black
checkmated} 1-0

[Event "Team 45 45 League T62"]
[Site "Internet Chess Club"]
[Date "2014.09.21"]
[Round "4"]
[White "rhayder"]
[Black "almond123"]
[Result "0-1"]
[WhiteElo "1396"]
[BlackElo "1458"]
[Opening "Ruy Lopez: 5.O-O"]
[ECO "C78"]
[Time "00:07:08"]
[TimeControl "2700+45"]

1. e4 e5 2. Nf3 Nc6 3. Bb5 a6 4. Ba4 Nf6 5. O-O b5 6. Bb3 Bc5 7. Re1 d6 8. c3
Bg4 9. h3 Bh5 10. g4 Bg6 11. Nh4 Bxe4 12. d3 Bd5 13. Nf5 O-O 14. Bxd5 Nxd5 15.
Qf3 Nde7 16. Bg5 f6 17. Be3 Bxe3 18. Rxe3 Nxf5 19. Qxf5 b4 20. Qe6+ Kh8 21. Qd5
Qd7 22. Nd2 bxc3 23. bxc3 Ne7 24. Qe4 d5 25. Qg2 Rab8 26. Nb3 Qd6 27. h4 c5 28.
h5 d4 29. cxd4 cxd4 30. Rh3 Qa3 31. h6 Rxb3 32. g5 Ng6 33. hxg7+ Kxg7 34. gxf6+
Rxf6 35. Qg4 Rb7 {White forfeits on time} 0-1

[Event "Team 45 45 League T62"]
[Site "Internet Chess Club"]
[Date "2014.09.20"]
[Round "4"]
[White "clarinetref"]
[Black "Mitochondria"]
[Result "1-0"]
[WhiteElo "1637"]
[BlackElo "1516"]
[Opening "French: exchange variation"]
[ECO "C01"]
[Time "21:54:19"]
[TimeControl "2700+45"]

1. e4 e6 2. d4 d5 3. exd5 exd5 4. Bd3 Bd6 5. Ne2 Nf6 6. Bf4 O-O 7. Bxd6 Qxd6 8.
Nbc3 c6 9. Qd2 Bg4 10. f3 Be6 11. O-O-O Na6 12. g4 Nb4 13. Nf4 a5 14. g5 Nxd3+
15. Nxd3 Nd7 16. Qf4 Qxf4+ 17. Nxf4 b5 18. Nd3 Rfb8 19. f4 Bf5 20. Rhe1 a4 21.
Ne5 Nxe5 22. Rxe5 Bg4 23. Rg1 Bh5 24. Rge1 b4 25. Ne2 b3 26. a3 bxc2 27. Ng3 Bd1
28. Nf5 Kf8 29. Ne3 Re8 30. Nxd1 cxd1=Q+ 31. Kxd1 Rab8 32. Kc2 Rbc8 33. Rxe8+
Rxe8 34. Rxe8+ Kxe8 35. Kc3 Kd7 36. Kb4 Kd6 37. Kxa4 c5 38. dxc5+ Kxc5 39. Kb3
Kb5 40. Kc3 Kc5 41. b4+ Kc6 42. Kd4 {Black resigns} 1-0

[Event "Team 45 45 League T62"]
[Site "Internet Chess Club"]
[Date "2014.09.23"]
[Round "4"]
[White "AlPearson"]
[Black "PostMike"]
[Result "0-1"]
[WhiteElo "1403"]
[BlackElo "1467"]
[Opening "Nimzo-Indian: Leningrad variation"]
[ECO "E30"]
[Time "14:37:26"]
[TimeControl "2700+45"]

1. d4 Nf6 2. c4 e6 3. Nc3 Bb4 4. Bg5 O-O 5. Nf3 d6 6. Qc2 c5 7. dxc5 dxc5 8. e4
Qa5 9. Bd3 Bxc3+ 10. bxc3 Nfd7 11. e5 h6 12. Bh4 Nc6 13. Bg3 Nd4 14. Nxd4 cxd4
15. Rc1 Nc5 16. O-O dxc3 17. Rfe1 Qc7 18. Bf4 b6 19. Re3 Ba6 20. Rce1 Nxd3 21.
Rxd3 Qxc4 22. Rg3 Qxf4 23. Re4 Qd2 24. Rxg7+ Kh8 25. Rh7+ Kxh7 26. Re2+ Bd3 27.
Rxd2 Bxc2 28. Rxc2 Rac8 29. f4 Rfd8 30. Kf2 Rd2+ 31. Rxd2 cxd2 32. Ke2 Rd8 33.
Kd1 Kg6 34. g3 Kf5 35. a3 Kg4 36. a4 Kh3 37. g4 Kxg4 38. a5 b5 39. a6 b4 40. f5
Kxf5 41. h3 b3 42. h4 b2 43. h5 b1=Q+ 44. Ke2 d1=Q+ 45. Ke3 Qe4+ 46. Kf2 Qdf3+
47. Kg1 Qeg4+ 48. Kh2 Qfh3# {White checkmated} 0-1

[Event "Team 45 45 League T62"]
[Site "Internet Chess Club"]
[Date "2014.09.18"]
[Round "4"]
[White "Aquaman"]
[Black "Zyme"]
[Result "1-0"]
[WhiteElo "1378"]
[BlackElo "1328"]
[Opening "Nimzovich-Larsen attack: Indian variation"]
[ECO "A01"]
[Time "21:00:32"]
[TimeControl "2700+45"]

1. b3 Nf6 2. Bb2 Nc6 3. e3 e6 4. c4 b6 5. Nf3 Bb7 6. Be2 d6 7. O-O Qd7 8. Nc3
O-O-O 9. d4 h5 10. a3 Be7 11. b4 Rdg8 12. Ng5 Nd8 13. Nb5 Kb8 14. c5 Qc6 15. Nf3
g5 16. cxb6 axb6 17. Rc1 Qd7 18. Rxc7 Qe8 19. Qa4 Qxb5 20. Qxb5 Kxc7 21. Rc1+
Bc6 22. Qa6 Nb7 23. Qc4 Rc8 24. Qa6 Ra8 25. Qc4 Rhc8 26. b5 Na5 27. Qd3 g4 28.
Ng5 Nd5 29. bxc6 Bxg5 30. Kf1 f5 31. Rc2 f4 32. Qh7+ Ne7 33. Qxh5 Rg8 34. Qxg4
fxe3 35. Qxe6 exf2 36. Qd7+ Kb8 37. c7+ Kb7 38. c8=Q# {Black checkmated} 1-0

[Event "Team 45 45 League T62"]
[Site "Internet Chess Club"]
[Date "2014.09.19"]
[Round "4"]
[White "chuckh2"]
[Black "medsurg"]
[Result "0-1"]
[WhiteElo "1433"]
[BlackElo "1387"]
[Opening "Queen's bishop game"]
[ECO "D02"]
[Time "19:00:33"]
[TimeControl "2700+45"]

1. d4 d5 2. Nf3 Nf6 3. Bf4 Nbd7 4. e3 c5 5. c3 e6 6. Be2 Nh5 7. Bg5 Nhf6 8. Nbd2
b6 9. O-O a5 10. Ne5 Be7 11. f4 Ba6 12. Rc1 Bxe2 13. Qxe2 Nxe5 14. fxe5 Nd7 15.
Bxe7 Qxe7 16. Nf3 O-O 17. Qf2 f5 18. Qg3 g6 19. Ng5 Kg7 20. h4 h6 21. Nf3 Kh7
22. a4 Rg8 23. Qh3 Rab8 24. Rb1 c4 25. Rf2 b5 26. Ra1 b4 27. cxb4 Rxb4 28. Rc2
Nb6 29. g3 Rb3 30. Ra3 Rxa3 31. bxa3 Qxa3 32. Ng5+ hxg5 33. hxg5+ Kg7 34. Qh6+
Kf7 35. Kf2 Qb3 36. Re2 c3 37. Qh7+ Rg7 38. Qh1 Nxa4 39. Qc1 Rh7 40. Kf3 Ke8 41.
Kf4 Nb2 42. Kf3 a4 43. Rc2 Rc7 44. Rh2 c2 45. Rh8+ Kd7 46. Rh7+ Kc8 47. Rxc7+
Kxc7 48. g4 Nd3 49. Qh1 c1=Q 50. Qh7+ Kb6 51. Qg8 Qf1+ 52. Kg3 Qf2+ 53. Kh3 Qf3+
54. Kh2 Qc2+ 55. Kg1 Qfg2# {White checkmated} 0-1

[Event "Team 45 45 League T62"]
[Site "Internet Chess Club"]
[Date "2014.09.18"]
[Round "4"]
[White "Greedy-Reedy"]
[Black "Egmont"]
[Result "1-0"]
[WhiteElo "1988"]
[BlackElo "1764"]
[Opening "French: Fort Knox variation"]
[ECO "C10"]
[Time "12:00:44"]
[TimeControl "2700+45"]

1. e4 e6 2. d4 d5 3. Nc3 dxe4 4. Nxe4 Bd7 5. Nf3 Bc6 6. Bd3 Nd7 7. Qe2 Ngf6 8.
Neg5 Bd6 9. O-O O-O 10. Ne5 h6 11. Nxc6 bxc6 12. Nf3 c5 13. c3 c6 14. Ne5 Qc7
15. f4 cxd4 16. cxd4 c5 17. dxc5 Bxc5+ 18. Kh1 Bd4 19. Nf3 Bc5 20. Bd2 Bd6 21.
Nd4 Nd5 22. Nxe6 fxe6 23. Qxe6+ Kh8 24. Qxd5 Rae8 25. Rac1 Qb8 26. Qd4 Nf6 27.
Rc6 Rd8 28. Qa4 Qxb2 29. Bc3 Qa3 30. Qc4 Bxf4 31. Rxf4 Rxd3 32. Qxd3 {Black
resigns} 1-0

[Event "Team 45 45 League T62"]
[Site "Internet Chess Club"]
[Date "2014.09.21"]
[Round "4"]
[White "AVEMARIA"]
[Black "rubo"]
[Result "1-0"]
[WhiteElo "1668"]
[BlackElo "1700"]
[Opening "Caro-Kann: classical variation"]
[ECO "B18"]
[Time "15:26:11"]
[TimeControl "2700+45"]

1. e4 c6 2. d4 d5 3. Nc3 dxe4 4. Nxe4 Bf5 5. Ng3 Bg6 6. c3 Nf6 7. Bd3 Bxd3 8.
Qxd3 Nbd7 9. Nf3 e6 10. O-O Qc7 11. Bd2 Bd6 12. c4 c5 13. b4 cxd4 14. Nxd4 a6
15. Rac1 O-O 16. c5 Bxg3 17. hxg3 Ne5 18. Qb3 Nc6 19. Nxc6 bxc6 20. Rfe1 Nd5 21.
Qc4 Rfb8 22. a3 a5 23. Rb1 axb4 24. axb4 Rb5 25. Ra1 Qb7 26. Rxa8+ Qxa8 27. Rb1
Qa3 28. Qb3 Qxb3 29. Rxb3 f6 30. Kf1 e5 31. Ke2 Kf7 32. Kd3 f5 33. Kc4 Ke6 34.
Ra3 Rb7 35. Ra6 Kd7 36. Ra8 g6 37. Rh8 Ke6 38. Re8+ Kf6 39. Rd8 Ne7 40. Rd6+ Kf7
41. Bg5 Rc7 42. Bxe7 Kxe7 43. b5 cxb5+ 44. Kxb5 e4 45. Kb6 Rc8 46. Rd2 Rb8+ 47.
Kc7 Ra8 48. c6 Ra3 49. Rb2 Rc3 50. Kb7 Kd8 51. Rd2+ Ke8 52. c7 Rb3+ 53. Kc6 Rc3+
54. Kd6 h6 55. Rd5 Rc2 56. Re5+ Kf7 57. Re7+ Kf6 58. Re8 Rd2+ 59. Kc6 Rc2+ 60.
Kb6 Rb2+ 61. Ka5 Ra2+ 62. Kb4 Rc2 63. c8=Q Rxc8 64. Rxc8 g5 65. Kc4 Ke5 66. Rc5+
Ke6 67. Kd4 h5 68. Rc6+ Kd7 69. Rh6 h4 70. gxh4 gxh4 71. Ke5 {Black resigns} 1-0

[Event "Team 45 45 League T62"]
[Site "Internet Chess Club"]
[Date "2014.09.20"]
[Round "4"]
[White "Mitochondria"]
[Black "whiskeytown"]
[Result "1/2-1/2"]
[WhiteElo "1528"]
[BlackElo "1558"]
[Opening "King's Indian: orthodox variation"]
[ECO "E94"]
[Time "18:03:31"]
[TimeControl "2700+45"]

1. d4 Nf6 2. c4 g6 3. Nc3 Bg7 4. e4 d6 5. Nf3 O-O 6. Be2 e5 7. O-O exd4 8. Nxd4
Re8 9. Qc2 Nxe4 10. Nxe4 Bxd4 11. Bg5 Qd7 12. Bf6 Qf5 13. Bxd4 Qxe4 14. Qxe4
Rxe4 15. Be3 Nc6 16. b3 Bd7 17. Rac1 Nd4 18. Bd3 Rae8 19. Bxe4 Ne2+ 20. Kh1 Nxc1
21. Bxb7 Nxa2 22. Ra1 Nb4 23. Rxa7 c5 24. h3 Kg7 25. g4 Kf6 26. Bg2 Be6 27. Bf4
d5 28. cxd5 Bxd5 29. Be3 Bxg2+ 30. Kxg2 Rc8 31. Ra5 Nd3 32. Kg3 c4 33. Bd4+ Ke7
34. Ra7+ Ke8 35. bxc4 Rxc4 36. Be3 Rc8 37. Bg5 Nc5 38. f3 Ne6 39. Bf6 Kf8 40. h4
Ng7 41. Ra5 h5 42. Rd5 hxg4 43. Kxg4 Ne6 44. Kg3 Ng7 45. Rd8+ Rxd8 46. Bxd8 Ne6
47. Bb6 Kg7 48. Kg4 f5+ 49. Kg3 g5 50. hxg5 Nxg5 {Game drawn by mutual
agreement} 1/2-1/2

[Event "Team 45 45 League T62"]
[Site "Internet Chess Club"]
[Date "2014.09.19"]
[Round "4"]
[White "tightfist"]
[Black "g8wrb"]
[Result "1-0"]
[WhiteElo "1654"]
[BlackElo "1300"]
[Opening "Réti opening"]
[ECO "A05"]
[Time "12:01:46"]
[TimeControl "2700+45"]

1. Nf3 Nf6 2. b4 d5 3. Bb2 Bf5 4. e3 e6 5. a3 Bd6 6. Be2 O-O 7. O-O a5 8. b5 c6
9. a4 b6 10. c4 Bb4 11. Nc3 Qd6 12. Rc1 Ne4 13. d3 Nc5 14. bxc6 Nxc6 15. Nb5 Qd7
16. cxd5 exd5 17. Nfd4 Rac8 18. Nxf5 Qxf5 19. Nd6 Qd7 20. Nxc8 Rxc8 21. Bg4 Ne6
22. Qf3 Qd6 23. Qh3 Re8 24. Qg3 Qd7 25. Bxe6 {Black resigns} 1-0

[Event "Team 45 45 League T62"]
[Site "Internet Chess Club"]
[Date "2014.09.21"]
[Round "4"]
[White "otherook"]
[Black "xt"]
[Result "1/2-1/2"]
[WhiteElo "1733"]
[BlackElo "1696"]
[Opening "English: symmetrical, main line with d4"]
[ECO "A39"]
[Time "15:01:02"]
[TimeControl "2700+45"]

1. c4 c5 2. g3 g6 3. Bg2 Bg7 4. Nf3 Nf6 5. O-O O-O 6. Nc3 Nc6 7. d4 cxd4 8. Nxd4
a6 9. e4 Qc7 10. Nxc6 bxc6 11. Be3 d6 12. Rc1 Rb8 13. b3 c5 14. Nd5 Nxd5 15.
exd5 Bf5 16. Qd2 a5 17. Bh6 Rb4 18. Bxg7 Kxg7 19. Rfe1 a4 20. Re3 axb3 21. axb3
Rfb8 22. Rce1 Rxb3 23. Rxe7 Qd8 24. Ra7 Rb1 25. Ra1 R1b2 26. Qc3+ Qf6 27. Qxf6+
Kxf6 28. h4 R8b6 29. Bf1 Rc2 30. Ra7 Rd2 31. Ree7 Rd1 32. f4 Kg7 33. Rxf7+ Kg8
34. Rfe7 Rb8 35. Rg7+ Kf8 36. Rxh7 Kg8 37. Rhg7+ Kh8 38. Rge7 Bd3 39. Rh7+ {Game
drawn by mutual agreement} 1/2-1/2

[Event "Team 45 45 League T62"]
[Site "Internet Chess Club"]
[Date "2014.09.21"]
[Round "4"]
[White "SugarIslander"]
[Black "caglar"]
[Result "1-0"]
[WhiteElo "1645"]
[BlackElo "1589"]
[Opening "QGD Slav: Dutch variation"]
[ECO "D18"]
[Time "14:30:25"]
[TimeControl "2700+45"]

1. d4 d5 2. c4 c6 3. Nf3 Nf6 4. Nc3 dxc4 5. a4 Bf5 6. e3 e6 7. Bxc4 Bb4 8. O-O
Nbd7 9. Bd3 Bxd3 10. Qxd3 O-O 11. Bd2 Re8 12. Ne2 Bxd2 13. Qxd2 e5 14. Qc2 e4
15. Nd2 Qe7 16. Ng3 h5 17. Rfc1 Nb6 18. Nc4 Nxc4 19. Qxc4 g6 20. Ne2 Nd5 21. a5
Nb4 22. Nf4 Rad8 23. Nxg6 Qg5 24. Ne5 Nd5 25. Qb3 f6 26. Nc4 Re7 27. Kh1 Rg7 28.
g3 h4 29. Qd1 Nb4 30. Nd2 Nd3 31. Nxe4 Qd5 32. Qxd3 f5 33. Qc4 fxe4 34. Qxd5+
Rxd5 35. b4 h3 36. Rc5 Rxc5 37. bxc5 a6 38. Kg1 Rf7 39. Kf1 Kg7 40. Ke2 Kg6 41.
Rf1 Rf3 42. Rb1 Rf7 43. Rg1 Kg5 44. Rf1 Rf3 45. Kd2 Kf5 46. Ke2 Kg5 47. Rb1 Rf7
48. f4+ exf3+ 49. Kf2 Kg4 50. e4 Rd7 51. Rb4 Rd8 52. d5 cxd5 53. exd5+ Kf5 54.
d6 Rd7 55. Kxf3 Ke5 56. Rb2 Kd5 57. Rc2 Kc6 58. g4 Rf7+ 59. Kg3 Rh7 60. g5 Kb5
61. Kg4 Kxa5 62. c6 bxc6 63. Rxc6 Rd7 64. Rc5+ Kb6 65. Rd5 a5 66. Rd3 a4 67. Kf5
a3 68. Rxa3 Rxd6 69. Rxh3 Rd5+ 70. Kg6 Rd6+ 71. Kh7 Rd7+ 72. Kh6 Rd6+ 73. g6 Kc5
74. Re3 Kd4 75. Re1 Rb6 76. h4 {Black resigns} 1-0